 Dungeon Crawl Stone Soup version 0.32-a0-913-g739538afd8 (webtiles) character file.

Game seed: 414313361557319972

112 Bediveer the Ruffian (level 4, -2/35 HPs)
             Began as a Mummy Fighter on Apr 7, 2024.
             Incinerated by a bombardier beetle (6 damage)
             ... with a burning spray
             ... on level 3 of the Dungeon.
             The game lasted 00:02:54 (2295 turns).

Bediveer the Ruffian (Mummy Fighter)                Turns: 2295, Time: 00:02:54

Health: -2/35      AC: 16    Str: 21    XL:     4   Next: 63%
Magic:  4/4        EV:  4    Int:  7    God:
Gold:   114        SH:  4    Dex: 11    Spells: 3/3 levels left

rFire   x .          .
                       - Unarmed
rCold   + . .        b - +0 buckler
rNeg    + + +        m - +0 plate armour
rPois   ∞            (no helmet)
rElec   .            (no cloak)
rCorr   .            (no gloves)
SInv    .            i - +0 pair of boots
Will    .....        (no amulet) Stlth
                     d - +4 ring of protection
HPRegen 0.25/turn    (no ring)
MPRegen 0.09/turn

%: faith
@: on fire, glowing
A: cold resistance 1, negative energy resistance 3, torment resistance 2, heat
vulnerability 1, in touch with death 1, no potions, faith
a: no special abilities


You were on level 3 of the Dungeon.
You visited 1 branch of the dungeon, and saw 3 of its levels.

You collected 114 gold pieces.

Inventory:

Missiles
 n - a throwing net (quivered)
Armour
 a - a +0 scale mail
 b - a +0 buckler (worn)
 f - a +0 kite shield
 i - a +0 pair of boots (worn)
 m - a +0 plate armour (worn)
Jewellery
 d - a +4 ring of protection (left hand)
Wands
 c - a wand of light (6)
Scrolls
 e - a scroll of teleportation
 g - a scroll of revelation
 h - a scroll of blinking
 j - a scroll of enchant armour
 k - a scroll of amnesia
 l - a scroll of identify


   Skills:
 + Level 3.2 Fighting
 + Level 2.5 Armour
 - Level 2.4 Shields
 * Level 3.8 Unarmed Combat


You had 3 spell levels left.
You didn't know any spells.
Your spell library contained the following spells:

 Spells                   Type           Power      Damage    Failure   Level
 Stone Arrow              Conj/Erth      0%         3d7       100%        3
 Animate Armour           Summ/Erth      0%         N/A       100%        4
 Lehudib's Crystal Spear  Conj/Erth      0%         10d2      100%        8


Dungeon Overview and Level Annotations

Branches:
Dungeon (3/15)

Altars:


Innate Abilities, Weirdness & Mutations

You are immune to poison.
Your flesh is cold resistant. (rC+)
You are immune to negative energy. (rN+++)
You are immune to unholy pain and torment.
You are vulnerable to heat. (rF-)
You are in touch with the powers of death.
You do not drink.
You have a special connection with the divine. (Faith)


Message History

You hit the bombardier beetle.
The bombardier beetle is almost dead.
You hit the bombardier beetle but do no damage.
The bombardier beetle is almost dead.
The bombardier beetle sprays incendiary fluid at you.
The burning spray hits you.
You are covered in liquid fire!
You hit the bombardier beetle.
You kill the bombardier beetle!
The liquid fire burns you!
No target in view!
No target in view!
No target in view!
No target in view!
No target in view!
No target in view!
No target in view!
No target in view!
No target in view!
No target in view!
No target in view!
No target in view!
No target in view!
No target in view!
No target in view!
No target in view!
No target in view!
No target in view!
You are on fire!
The liquid fire burns you! The liquid fire burns you!
The liquid fire burns you! The liquid fire burns you!
* * * LOW HITPOINT WARNING * * *
You can't drink.
Okay, then.
The liquid fire burns you!
* * * LOW HITPOINT WARNING * * *
The liquid fire burns you!
You die...

# #... #.... # #...##$..
# ##........ ##### #
......... ...###
......... #######..##
........# #........##
........# #.[........
.......@# #..........
........######..........
##..#...........###.....
... #...................
##......................
#..#...................
#.#####................
#: #........#####... #
#........# #...


There were no monsters in sight!

Vanquished Creatures
  A bombardier beetle (D:3)
  4 adders
  A ribbon worm (D:2)
  5 endoplasms
  3 giant cockroaches (D:1)
  4 goblins
  5 hobgoblins
  2 jackals (D:1)
  3 quokkas
  5 ball pythons
  2 bats
  2 frilled lizards (D:2)
  A kobold (D:2)
  2 rats
40 creatures vanquished.

Notes
Turn   | Place    | Note
-------+----------+-------------------------------------------
     0 | D:1      | Bediveer the Mummy Fighter began the quest for the Orb.
     0 | D:1      | Reached XP level 1. HP: 18/18 MP: 1/1
   135 | D:1      | Reached XP level 2. HP: 24/24 MP: 2/2
  1450 | D:2      | Reached XP level 3. HP: 21/29 MP: 3/3
  1895 | D:2      | Found a faded altar of an unknown god.
  2156 | D:3      | Reached XP level 4. HP: 33/35 MP: 4/4
  2295 | D:3      | Incinerated by a bombardier beetle

Illustrated notes

Levels and vault maps discovered:
D:1:      doesnt_arrival_eight_statues, layout_basic,
          amcnicky_mini_corridor_feature
D:2:      layout_basic, shapermc_ecumenical_altar_petra
D:3:      layout_basic, serial_shops, nicolae_shop_rolled_up

Skill      XL: |  1  2  3 |
---------------+----------+-----
Unarmed Combat | 2 3 |  3.8
Fighting       | |  3.2
Armour         | |  2.5
Shields        | |  2.4

Action                     |  1- 3 |  4- 6 || total
---------------------------+-------+-------++-------
  Melee: Unarmed           |   194 |    22 ||   216
    Use: Scroll            |     6 |       ||     6
 Armour: Scale mail        |   148 |    18 ||   166
         Plate armour      |       |     1 ||     1
  Dodge: Dodged            |    53 |     6 ||    59
  Block: Buckler           |    32 |     2 ||    34

Table legend: (Time is in decaauts)
 A = Elapsed time spent in this place.
 B = Non-inter-level travel time spent in this place.
 C = Inter-level travel time spent in this place.
 D = Time resting spent in this place.
 E = Time spent auto-exploring this place.
 F = Levels seen in this place.
 G = Mean time per level.
                   A        B        C        D        E       F      G
               +--------+--------+--------+--------+--------+-----+--------+
         Total |   2291 |   2166 |    125 |      0 |   1774 |   3 |  763.7 |
       Dungeon |   2291 |   2166 |    125 |      0 |   1774 |   3 |  763.7 |
               +--------+--------+--------+--------+--------+-----+--------+

Top non-repeatable levels by time:
     D:1: 1161 daAuts
     D:2: 851 daAuts
     D:3: 278 daAuts
